 Dungeon Crawl Stone Soup version 0.22.0-6-g71bd7aa (webtiles) character file.

1705 Hildebrand the Cleaver (level 8, -1/79 HPs)
             Began as a Minotaur Berserker on Aug 15, 2018.
             Was an Elder of Trog.
             Slain by an orc warrior
             ... wielding a +0 glaive
              (22 damage)
             ... on level 6 of the Dungeon.
             The game lasted 00:24:41 (4907 turns).

Hildebrand the Cleaver (Minotaur Berserker)         Turns: 4907, Time: 00:24:41

Health: -1/79      AC:  9    Str: 22    XL:     8   Next: 73%
Magic:  7/7        EV:  8    Int:  6    God:    Trog [****..]
Gold:   259        SH:  0    Dex: 10    Spells: 7/7 levels left

rFire    x . .     SeeInvis .   E - +0 war axe
rCold    + . .     Gourm    .   (no shield)
rNeg     . . .     Faith    .   h - +0 chain mail
rPois    .         Spirit   .   (helmet restricted)
rElec    .         Reflect  .   b - scarf {repulsion}
rCorr    .         Harm     .   g - +0 pair of gloves
MR       +....                  (no boots)
Stlth    ..........             (no amulet)
HPRegen  0.23/turn              j - ring of ice
MPRegen  0.10/turn              A - ring of protection from magic

@: lethally poisoned (-1 -> -3), repel missiles
A: retaliatory headbutt, horns 2
a: Berserk, Trog's Hand, Brothers in Arms, Renounce Religion


You were on level 6 of the Dungeon.
You worshipped Trog.
Trog was greatly pleased with you.
You were not hungry.

You visited 2 branches of the dungeon, and saw 7 of its levels.
You also visited: Sewer.

You collected 259 gold pieces.

Inventory:

Hand Weapons
 E - a +0 war axe (weapon)
Missiles
 v - 6 tomahawks (quivered)
Armour
 b - a scarf of repulsion (worn)
 g - a +0 pair of gloves (worn)
 h - a +0 chain mail (worn)
 u - a scarf of cloud immunity
Jewellery
 j - a ring of ice (left hand)
 n - an uncursed ring of flight
 A - a ring of protection from magic (right hand)
Wands
 x - a wand of flame (14)
 y - a wand of paralysis (8)
Scrolls
 l - a scroll of remove curse
 q - 4 scrolls of teleportation
 w - a scroll of fear
 z - 2 scrolls of blinking
 B - a scroll of magic mapping
 C - a scroll of identify
 F - 2 scrolls of enchant weapon {unknown}
Potions
 a - a potion of haste {unknown}
 d - a potion of heal wounds
 e - 4 potions of magic
 f - 2 potions of lignification
 i - 2 potions of resistance
 k - 2 potions of flight
 m - a potion of degeneration {unknown}
 o - a potion of agility {unknown}
 r - a potion of might {unknown}
 s - 3 potions of curing {unknown}
 t - 2 potions of ambrosia {unknown}
 D - a potion of brilliance {unknown}
Comestibles
 c - 7 rations
 p - 3 chunks of flesh


   Skills:
 * Level 10.1 Fighting
 * Level 10.1 Axes
 - Level 2.4 Armour
 - Level 2.1 Dodging


You had 7 spell levels left.
You didn't know any spells.
Your spell library was empty.

Dungeon Overview and Level Annotations

Branches:
Dungeon (6/15)             Temple (1/1) D:6

Altars:
Fedhas
Hepliaklqana
Qazlal
Zin
The Shining One

Shops:
D:5 *

Annotations:
D:6 1 runed door, razzle's ghost, novice DsMo


Innate Abilities, Weirdness & Mutations

You reflexively headbutt those who attack you in melee.
You have a pair of horns on your head.


Message History

You slash the quokka!
You kill the quokka!
Trog accepts your kill.
You feel sick.
You hear a shout!
The orc warrior hits you with a glaive!
You hit the orc warrior.
You headbutt the orc warrior, but do no damage.
The orc warrior is severely wounded.
You closely miss the orc. You headbutt the orc.
The orc is lightly wounded.
You hit the orc warrior.
You feel sick. The orc warrior hits you with a glaive!
The orc hits you but does no damage.
You closely miss the orc.
The orc is lightly wounded.
You hit the orc warrior but do no damage.
The orc hits you with a whip.
* * * LOW HITPOINT WARNING * * *
The orc warrior hits you with a glaive!!
You die...

#.# #...... #.##
#...... #..# #......
##.# ##..... #.#
##.... ..####### #.#
####. ..o....o###.#
##########. .
#oo##.###.....#....
#.?
##@.#.##...........
#..##.#..............
#......r............
###.####............
#. #............ #.
#............ #...#
#. .............
#...# ..
........#....
###...### ##
#.........##.


You could see an orc warrior and 2 orcs.

Vanquished Creatures
  Prince Ribbit (D:5)
  A black bear (D:4)
  An orc warrior (D:6)
  An ogre (D:5)
  A centaur (D:5)
  A bullfrog (D:6)
  A scorpion (D:4)
  5 wights (D:6)
  2 howler monkeys (D:5)
  2 crimson imps (D:5)
  A centaur skeleton (D:5)
  A hound (D:4)
  A bullfrog skeleton (D:6)
  A jelly (D:6)
  2 iguanas (D:4)
  5 orc wizards
  Terence (D:2)
  2 worker ants
  16 adders
  3 shadow imps
  3 oozes
  3 worms
  4 dart slugs
  7 leopard geckos
  13 orcs
  7 bats
  5 giant cockroaches
  A hobgoblin (D:2)
  18 jackals
  2 quokkas
  7 ball pythons
  10 frilled lizards
  5 goblins
  A goblin zombie (D:5)
  2 hobgoblin zombies (D:5)
  10 kobolds
  A kobold skeleton (D:5)
  A kobold zombie (D:5)
  9 rats
  5 plants (Sewer)
163 creatures vanquished.

Notes
Turn   | Place    | Note
-------+----------+-------------------------------------------
     0 | D:1      | Hildebrand the Minotaur Berserker began the quest for the Orb.
     0 | D:1      | Reached XP level 1. HP: 19/19 MP: 0/0
   326 | D:1      | Reached XP level 2. HP: 22/27 MP: 1/1
   941 | D:2      | Reached ** piety under Trog
   941 | D:2      | Reached XP level 3. HP: 33/34 MP: 2/2
  1201 | D:2      | Noticed Terence
  1213 | D:2      | Killed Terence
  1213 | D:2      | Reached skill level 5 in Fighting
  1213 | D:2      | Reached skill level 5 in Axes
  1213 | D:2      | Reached XP level 4. HP: 42/42 MP: 3/3
  1732 | D:2      | Found a blossoming altar of Fedhas.
  1735 | D:2      | Found a stormy altar of Qazlal.
  1978 | D:3      | Found a glowing drain.
  1992 | Sewer    | Entered a sewer
  2016 | Sewer    | Reached XP level 5. HP: 48/48 MP: 4/4
  2813 | D:3      | Reached *** piety under Trog
  3257 | D:4      | Reached XP level 6. HP: 56/58 MP: 5/5
  3551 | D:4      | Got a fine mace
  3552 | D:4      | Identified the cursed +1 mace of Bloody Death {drain, rC+} (You found it on level 4 of the Dungeon)
  3712 | D:4      | Reached XP level 7. HP: 63/66 MP: 6/6
  3869 | D:5      | Entered Level 5 of the Dungeon
  3999 | D:5      | Found Zin's Purification Station.
  4001 | D:5      | Found a glowing silver altar of Zin.
  4299 | D:5      | Noticed Prince Ribbit
  4300 | D:5      | Found a glowing golden altar of the Shining One.
  4307 | D:5      | Reached XP level 8. HP: 75/75 MP: 7/7
  4308 | D:5      | Killed Prince Ribbit
  4308 | D:5      | Reached **** piety under Trog
  4601 | D:6      | Found a staircase to the Ecumenical Temple.
  4606 | Temple   | Entered the Ecumenical Temple
  4767 | D:6      | Found a hazy altar of Hepliaklqana.
  4803 | D:6      | Reached skill level 10 in Fighting
  4803 | D:6      | Reached skill level 10 in Axes
  4822 | D:6      | Found a runed door.
  4823 | D:6      | Noticed razzle's ghost (novice DsMo)
  4907 | D:6      | Slain by an orc warrior

Skill      XL: |  1  2  3  4  5  6  7  8 |
---------------+-------------------------+-----
Fighting       | 4 5 6 7 8 10 | 10.1
Axes           | 4 5 6 7 8 10 | 10.1
Armour         | |  2.4
Dodging        | |  2.1

Action                   |  1- 3 |  4- 6 |  7- 9 || total
-------------------------+-------+-------+-------++-------
Melee: Hand axe          |    74 |   210 |       ||   284
       Headbutt          |    10 |    67 |    26 ||   103
       War axe           |       |    72 |   107 ||   179
       Mace              |       |     7 |    17 ||    24
Invok: Berserk           |     1 |     1 |     3 ||     5
       Trog's Hand       |     1 |     1 |     3 ||     5
  Use: Scroll            |     4 |     4 |     6 ||    14
       Potion            |       |       |     2 ||     2
  Eat: Chunk             |     1 |     8 |     5 ||    14
       Ration            |       |     1 |     1 ||     2
Armor: Animal skin       |    19 |       |       ||    19
       Chain mail        |    26 |   127 |   107 ||   260
Dodge: Dodged            |    54 |    86 |    53 ||   193
       Deflected         |       |     1 |     5 ||     6
